Map: Echo LE (Void)

Players

ViBE - Winner!

  • Race: Zerg Zerg

Bop

  • Race: Terran Terran

VOD

Have the link to the VOD?

Description

Time

  • Played on: May 6, 2015, 9:22 p.m.
  • Length: 14:57
Show
View Real Time Build Order
Export as new Build Order

ViBE Zerg - Winner!

Build Orders: Hatch First, Lurkers, Muta Ling Bane 

Get SALT Encoding   

  12  0:00  Drone  
  13  0:09  Drone  
  14  0:17  Overlord  
  14  0:28  Drone, Extractor  
  14  0:35  Drone x2  
  17  0:44  Drone  
  18  0:57  Hatchery  
  18  1:00  Drone  
  18  1:11  Spawning Pool  
  17  1:13  Drone  
  17  1:17  Drone  
  19  1:29  Drone  
  20  1:34  Extractor  
  19  1:42  Overlord  
  19  1:55  Drone  
  19  1:59  Drone  
  21  2:04  Queen  
  23  2:09  Zergling x2, Queen  
  23  2:12  Drone  
  27  2:24  Hatchery  
  27  2:26  Drone x2  
  28  2:30  Extractor  
  28  2:34  Overlord  
  28  2:35  Drone  
  28  2:44  Metabolic Boost  
  28  2:47  Queen  
  28  2:50  Drone  
  28  2:51  Drone  
  33  2:57  Drone x2  
  35  3:09  Drone x2  
  37  3:19  Drone x7  
  44  3:22  Overlord  
  44  3:25  Overlord  
  44  3:35  Queen  
  46  3:46  Drone x5  
  51  3:48  Baneling Nest  
  51  3:50  Extractor  
  51  3:51  Lair, Extractor  
  48  4:00  Overlord  
  48  4:01  Drone  
  48  4:02  Drone x3  
  52  4:06  Zergling x6  
  55  4:10  Zergling x6  
  58  4:24  Overlord x2  
  58  4:26  Drone x6  
  64  4:37  Evolution Chamber, Drone  
  64  4:38  Evolution Chamber  
  63  4:39  Drone  
  63  4:41  Drone x2  
  63  4:42  Drone, Extractor  
  66  4:49  Baneling x2  
  66  4:50  Baneling x2  
  66  4:54  Drone, Spire  
  66  5:00  Overlord  
  66  5:01  Overlord  
  66  5:06  Drone  
  66  5:07  Drone x5  
  70  5:12  Centrifical Hooks  
  71  5:22  Drone x7  
  71  5:23  Extractor  
  71  5:25  Extractor  
  71  5:27  Zergling x8  
  80  5:38  Drone x3  
  80  5:39  Drone  
  80  5:40  Overlord  
  80  5:41  Overlord  
  80  5:42  Overlord  
  82  6:03  Zergling x32  
  98  6:08  Mutalisk x2  
  102  6:11  Zerg Ground Armor Level 1, Zerg Melee Weapons Level 1  
  102  6:12  Zerg Flyer Weapons Level 1  
  102  6:18  Overlord  
  102  6:19  Overlord x2  
  102  6:29  Mutalisk x5  
  112  6:46  Drone  
  113  6:47  Hydralisk Den  
  112  6:59  Mutalisk x5  
  122  7:08  Drone  
  122  7:10  Overlord  
  122  7:11  Overlord  
  122  7:12  Overlord  
  122  7:13  Overlord  
  122  7:15  Zergling x16  
  127  7:19  Hatchery, Baneling x9  
  127  7:20  Baneling x2  
  115  7:31  Zergling x2  
  115  7:32  Zergling x16  
  108  7:44  Zergling x6  
  108  7:46  Lurker Den, Baneling x9  
  108  7:50  Zergling x2  
  112  8:05  Drone x7  
  113  8:06  Drone x9  
  128  8:14  Zerg Ground Armor Level 2, Zerg Melee Weapons Level 2  
  128  8:16  Zerg Flyer Weapons Level 2  
  126  8:34  Extractor  
  126  8:38  Extractor  
  124  8:43  Zergling x34  
  124  8:44  Zergling x8  
  124  8:46  Hatchery  
  142  8:49  Infestation Pit  
  141  9:04  Zergling x10  
  141  9:05  Zergling x2  
  133  9:22  Zergling x10  
  133  9:23  Zergling x22  
  145  9:24  Baneling x10  
  145  9:25  Baneling x8  
  145  9:27  Hydralisk  
  145  9:28  Hydralisk x3  
  145  9:31  Hive, Burrow  
  153  9:40  Mutalisk x4  
  161  9:46  Baneling  
  161  9:47  Baneling x13  
  161  9:49  Zergling x6  
  164  9:59  Zergling x30  
  179  10:08  Lurker x2  
  179  10:09  Lurker x2  
  179  10:10  Overlord x2  
  183  10:17  Extractor  
  183  10:18  Extractor  
  181  10:36  Mutalisk  
  181  10:37  Mutalisk x5  
  181  10:38  Zergling x2  
  181  10:39  Zergling x12  
  175  11:00  Zergling x32  
  182  11:18  Zerg Flyer Weapons Level 3  
  180  11:19  Adrenal Glands  
  180  11:21  Zerg Ground Armor Level 3  
  180  11:22  Ultralisk Cavern  
  168  11:44  Zergling x2  
  168  11:45  Zergling x48  
  168  11:46  Zergling x2  
  159  11:58  Zerg Melee Weapons Level 3  
  159  12:04  Mutalisk x6  
  163  12:25  Ultralisk x3  
  163  12:26  Chitinous Plating  
  163  12:29  Zergling x8  
  176  12:30  Zergling x10  
  146  12:53  Zergling x24  
  158  13:05  Ultralisk x2  
  170  13:31  Ultralisk x2  
  170  13:33  Hatchery  
  168  13:48  Mutalisk x8  
  178  14:04  Ultralisk  
  178  14:05  Ultralisk  
  190  14:26  Baneling x4  
  190  14:27  Baneling x15  
  190  14:28  Mutalisk, Baneling  
  190  14:29  Mutalisk x4  
  191  14:43  Drone  
  191  14:44  Drone x3  
  191  14:45  Drone  
Show
View Real Time Build Order
Export as new Build Order

Bop Terran 

Build Orders: Reaper Expand, Bio Tank, Siege Tank Drop 

Get SALT Encoding   

  12  0:00  SCV  
  13  0:13  SCV  
  14  0:17  Supply Depot  
  14  0:25  SCV  
  15  0:39  SCV  
  15  0:40  Barracks  
  16  0:45  Refinery  
  16  0:51  SCV  
  17  1:03  SCV  
  18  1:15  SCV  
  19  1:28  Orbital Command  
  19  1:29  Reaper  
  20  1:39  Command Center  
  20  1:47  Supply Depot  
  20  1:53  SCV  
  21  2:05  SCV  
  21  2:07  Barracks Reactor  
  22  2:18  SCV  
  23  2:25  Supply Depot  
  23  2:30  SCV, Factory  
  24  2:43  SCV  
  25  2:46  Marine x2  
  25  2:47  Command Center  
  27  2:55  Bunker  
  27  2:56  Orbital Command  
  27  3:04  SCV  
  28  3:10  Marine x2  
  30  3:17  Factory Tech Lab  
  30  3:19  Starport  
  30  3:27  SCV x2  
  32  3:28  Marine x2  
  34  3:38  Supply Depot  
  34  3:39  SCV x2  
  36  3:41  Refinery  
  36  3:51  SCV x2  
  38  3:57  Siege Tank  
  38  4:01  Orbital Command  
  41  4:03  SCV x2  
  41  4:08  Marine  
  41  4:09  Marine  
  45  4:15  SCV, Refinery, Engineering Bay  
  45  4:16  Engineering Bay  
  46  4:27  Marine x2  
  46  4:30  Barracks  
  48  4:32  Medivac  
  48  4:33  Barracks  
  48  4:34  SCV x2  
  52  4:43  SCV, Siege Tank  
  56  4:48  Marine x2  
  56  4:49  Refinery  
  58  4:54  SCV  
  58  4:55  SCV x2  
  61  5:05  Medivac, Marine  
  61  5:06  Marine  
  65  5:11  SCV x2  
  67  5:14  Barracks  
  67  5:15  Barracks  
  67  5:16  Missile Turret  
  67  5:17  Missile Turret  
  67  5:22  Barracks Reactor  
  67  5:24  Barracks Tech Lab  
  67  5:25  Marine x2  
  69  5:30  SCV x2  
  69  5:35  Siege Tank  
  74  5:36  SCV  
  74  5:42  SCV  
  76  5:43  Marine  
  77  5:57  Terran Infantry Weapons Level 1, Supply Depot x2, Terran Infantry Armor Level 1  
  77  6:04  Supply Depot  
  77  6:05  Supply Depot  
  77  6:12  Barracks Reactor x2  
  77  6:14  Stimpack  
  77  6:18  Marine x5  
  77  6:19  SCV x2, Medivac  
  77  6:25  Orbital Command  
  86  6:34  Siege Tank  
  86  6:36  Marine x3  
  92  6:47  Marine  
  92  6:48  Marine x3  
  92  6:49  Medivac, Marine  
  99  6:55  Missile Turret  
  99  6:56  Missile Turret  
  99  6:57  Armory  
  99  6:58  Marine x4  
  103  7:05  Marine  
  103  7:06  Marine  
  105  7:09  SCV  
  105  7:10  SCV x2  
  105  7:11  Supply Depot  
  105  7:13  Supply Depot, Missile Turret  
  108  7:16  Supply Depot, Marine  
  108  7:17  Supply Depot  
  109  7:24  SCV  
  109  7:26  SCV, Marine  
  103  7:36  Marine x4  
  89  7:45  Thor  
  89  7:46  Marine x3  
  89  7:47  Marine x2  
  89  7:50  Factory  
  89  7:51  SCV  
  101  7:54  Marine  
  100  8:00  Marine  
  100  8:01  Marine x2  
  100  8:02  SCV x2  
  100  8:03  SCV, Terran Infantry Weapons Level 2  
  100  8:04  Marine x3  
  106  8:14  Marine x3  
  106  8:15  Combat Shields  
  106  8:16  Terran Infantry Armor Level 2  
  106  8:18  Terran Vehicle and Ship Weapons Level 1, Marine  
  110  8:22  Marine x3  
  110  8:27  Missile Turret  
  113  8:28  Hellbat  
  113  8:30  Refinery  
  113  8:34  SCV x3  
  113  8:36  Missile Turret  
  108  8:44  Marine  
  108  8:45  Bunker, Marine x4  
  108  8:47  Factory Tech Lab  
  113  8:49  Siege Tank, Marine x4  
  113  8:52  SCV  
  121  8:56  Refinery  
  121  8:58  Missile Turret x2  
  121  9:02  Marine, Starport Reactor  
  121  9:03  Marine x2  
  127  9:10  Marine x6  
  115  9:24  Marine x3  
  115  9:28  Marine x2  
  120  9:32  Siege Tank  
  120  9:34  Marine  
  121  9:40  Marine x3  
  121  9:42  Marine x3  
  121  9:44  Factory Tech Lab  
  127  9:49  Marine x2  
  127  9:50  Medivac x2  
  133  9:59  Missile Turret  
  133  10:02  Supply Depot  
  133  10:03  Supply Depot  
  133  10:04  Supply Depot  
  133  10:12  Terran Vehicle and Ship Weapons Level 2  
  133  10:23  Marine x4  
  133  10:24  SCV, Medivac x2  
  133  10:25  SCV, Siege Tank, Marine x5  
  133  10:26  SCV  
  148  10:30  Thor  
  153  10:41  Marine  
  153  10:42  Marine x3  
  157  10:53  Marine x5  
  157  10:54  Medivac  
  149  10:57  Siege Tank  
  149  10:59  Marine  
  149  11:00  Marine x3  
  149  11:03  Medivac  
  137  11:07  Supply Depot, Terran Infantry Weapons Level 3  
  137  11:10  Marine  
  137  11:11  Marine x3  
  137  11:12  Marine  
  137  11:13  Siege Tank  
  137  11:17  Marine  
  137  11:18  Marine x3  
  148  11:28  Marine  
  148  11:29  Siege Tank, Marine x2  
  148  11:31  Marine x2  
  156  11:34  Orbital Command  
  156  11:35  Marine x2  
  156  11:36  Marine x2  
  159  11:45  Siege Tank  
  159  11:46  Marine x3  
  157  11:51  Marine  
  157  11:52  Marine x2  
  128  12:01  SCV x2, Siege Tank  
  129  12:08  Marine x2  
  133  12:09  Marine x2  
  133  12:17  Marine x3  
  127  12:35  Supply Depot, Marine x2  
  127  12:36  SCV, Siege Tank  
  133  12:43  Siege Tank, Marine x5  
  130  12:51  Marine x2  
  115  12:53  Marine x2  
  118  12:59  Missile Turret  
  118  13:00  SCV x3, Marine x3  
  118  13:01  Missile Turret  
  118  13:02  Marine x2  
  118  13:05  Medivac  
  128  13:08  Siege Tank, Marine  
  128  13:09  Marine  
  128  13:11  Marine  
  134  13:15  Siege Tank  
  134  13:18  Marine  
  134  13:19  Marine x2  
  140  13:27  Marine  
  141  13:41  Marine x3  
  141  13:49  Marine  
  141  13:50  Marine  
  141  13:55  Marine  
  141  13:56  Marine x2  
  141  13:57  Marine  
  141  13:59  Marine x3  
Tags
 
Add a new tag
Caveats
  • Supply blocks, unpowered buildings, or Contaminate may cause inaccurate times.
  • Supply counts are checked every 10 seconds.